 Dungeon Crawl Stone Soup version 0.18-a0-1626-g65af6d3 (webtiles) character file.

682 namelastname112 the Cutter (level 7, 0/60 HPs)
             Began as a Pale Draconian Berserker on Mar 24, 2016.
             Was a Believer of Trog.
             Slain by a wight
             ... wielding a cursed +0 war axe
              (3 damage)
             ... on level 4 of the Dungeon.
             The game lasted 00:04:49 (2609 turns).

namelastname112 the Cutter (DrBe)                   Turns: 2609, Time: 00:04:50

Health: 0/60       AC:  8    Str: 20    XL:     7   Next: 34%
Magic:  7/7        EV: 13    Int:  7    God:    Trog [**....]
Gold:   124        SH:  0    Dex: 12    Spells: 0 memorised, 6 levels left

rFire  . . .     SeeInvis .     n - +2 short sword (vamp)
rCold  . . .     Gourm    .     (armour unavailable)
rNeg   . . .     Faith    .     (no shield)
rPois  .         Spirit   .     (helmet restricted)
rElec  .         Dismiss  .     l - +0 cloak
rCorr  .         Reflect  .     (no gloves)
SustAt .         Harm     .     g - +0 pair of boots
MR     .....                    (no amulet)
Stlth  ++........               (no ring)
                                (no ring)

@: exhausted, slowed, drained, very slow, not resistant to hostile enchantments,
unstealthy
A: breathe steam, unfitting armour, cold-blooded, AC +6
a: Breathe Steam, Berserk, Trog's Hand, Burn Spellbooks, Renounce Religion


You were on level 4 of the Dungeon.
You worshipped Trog.
Trog was pleased with you.
You were very hungry.

You visited 1 branch of the dungeon, and saw 4 of its levels.

You collected 124 gold pieces.

Inventory:

Hand Weapons
 n - a +2 vampiric short sword (weapon)
Armour
 g - a +0 pair of boots (worn)
 l - a +0 cloak (worn)
 v - a +0 buckler
Scrolls
 a - 2 scrolls of magic mapping {unknown}
 d - 4 scrolls of identify {unknown}
 h - 2 scrolls of noise {unknown}
 j - a scroll of fog {unknown}
 r - a scroll of remove curse {unknown}
 s - a scroll of fear {unknown}
 t - a scroll of amnesia {unknown}
 u - a scroll of immolation {unknown}
 w - a scroll of blinking {unknown}
 y - a scroll of recharging {unknown}
Potions
 c - a potion of haste {unknown}
 e - 2 potions of brilliance {unknown}
 f - 2 potions of degeneration {unknown}
 i - a potion of cure mutation {unknown}
 k - a potion of cancellation {unknown}
 m - 2 potions of agility {unknown}
 o - a potion of curing {unknown}
 q - a potion of magic {unknown}
 x - a potion of might {unknown}
 z - a potion of lignification {unknown}
Books
 p - a book of Unlife

   Spells                             Type                      Level
   a - Recall                         Summoning/Translocation      3
   b - Animate Dead                   Necromancy                   4
   c - Control Undead                 Necromancy                   4
   d - Cigotuvi's Embrace             Necromancy                   5
   e - Death Channel                  Necromancy                   6
   f - Simulacrum                     Ice/Necromancy               6
   Trog disapproves of the use of such an item.
Comestibles
 b - 3 bread rations


   Skills:
 + Level 4.8(4.4) Fighting
 * Level 5.1(4.7) Short Blades
 + Level 3.9(3.6) Dodging
 * Level 4.3(4.0) Stealth
 + Level 2.2(1.8) Shields


You had 6 spell levels left.
You didn't know any spells.

Dungeon Overview and Level Annotations

Branches:
Dungeon (4/15)
 Temple: D:4-7

Altars:
Dithmenos
Nemelex Xobeh
Okawaru
Qazlal
Yredelemnul
The Shining One

Annotations:
D:3 1 runed door


Innate Abilities, Weirdness & Mutations

You can breathe blasts of scalding, opaque steam.
Your pale cyan-grey scales are hard (AC +6).
Your body does not fit into most forms of armour.
You are cold-blooded and may be slowed by cold attacks.


Message History

Trog accepts your kill.
Your Short Blades skill increases to level 5!
You hit the wight. You tail-slap the wight.
The wight is heavily damaged.
You puncture the wight!
You destroy the wight!
Items here: ))) [[ an enchanted battleaxe; a robe; a giant spiked club; a mace; a robe You puncture the wight!
The wight is heavily damaged.
You are no longer berserk.
You are exhausted.
You feel yourself slow down.
You are feeling very hungry.
The wight hits you with an enchanted short sword!
* * * LOW HITPOINT WARNING * * *
The wight hits you with a war axe!
* * * LOW HITPOINT WARNING * * *
You feel drained.
You die...

## #.##.#.# #.#.#.# # #......#
#.#.#.# # ####...# #.#.#.# #
#...# #####.#.#.# # #...#
#.....#.#.# # #...# #.#####.#.#
# #...# #.# #.#.##
###############...# #.#####....#
§.O.zWz.W.....?z@z# #......##..#
#._.§##########.#)########.##..#
#§.§§# ...#.#...# #.##..# ######
#####.....# #.##..# ###...#
#.##..# ##.## #.##..#
#.#####.##..## #....)........
#............#.


You could see 2 wights.

Vanquished Creatures
  Sigmund (D:3)
  An ogre (D:4)
  A centaur (D:4)
  A scorpion (D:4)
  2 wights (D:4)
  A howler monkey (D:4)
  2 iguanas
  Ijyb (D:3)
  Terence (D:2)
  2 adders (D:2)
  2 adder skeletons
  A worm (D:4)
  A dart slug (D:2)
  5 giant geckos
  3 giant cockroaches
  9 goblins
  5 hobgoblins
  5 jackals
  A quokka (D:3)
  5 bats
  5 giant newts
  7 kobolds
  8 rats
70 creatures vanquished.

Notes
Turn   | Place    | Note
--------------------------------------------------------------
     0 | D:1      | namelastname112 the Draconian Berserker began the quest for the Orb.
     0 | D:1      | Reached XP level 1. HP: 19/19 MP: 1/1
   286 | D:1      | Reached XP level 2. HP: 20/26 MP: 2/2
   435 | D:1      | Reached skill level 1 in Stealth
   892 | D:2      | Reached XP level 3. HP: 28/31 MP: 3/3
   932 | D:2      | Found a basalt altar of Yredelemnul.
  1003 | D:2      | Noticed Terence
  1026 | D:2      | Killed Terence
  1031 | D:2      | Reached ** piety under Trog
  1072 | D:2      | Reached XP level 4. HP: 25/40 MP: 4/4
  1497 | D:2      | Found a sparkling altar of Nemelex Xobeh.
  1497 | D:2      | Found an iron altar of Okawaru.
  1754 | D:3      | Found a runed door.
  1754 | D:3      | Noticed an angel
  1755 | D:3      | Found a glowing golden altar of the Shining One.
  1882 | D:3      | Noticed Ijyb
  1892 | D:3      | Killed Ijyb
  1925 | D:3      | Found a stormy altar of Qazlal.
  2020 | D:3      | Noticed Sigmund
  2037 | D:3      | Killed Sigmund
  2037 | D:3      | Reached skill level 4 in Short Blades
  2037 | D:3      | Reached skill level 1 in Shields
  2037 | D:3      | Reached XP level 5. HP: 44/47 MP: 5/5
  2037 | D:3      | Reached XP level 6. HP: 49/53 MP: 6/6
  2542 | D:4      | Found a shadowy altar of Dithmenos.
  2594 | D:4      | Your scales start taking on a pale cyan-grey colour.
  2594 | D:4      | Reached XP level 7. HP: 60/60 MP: 7/7
  2604 | D:4      | Reached skill level 5 in Short Blades
  2609 | D:4      | HP: 3/60 [wight/war axe (9)]
  2609 | D:4      | Slain by a wight

Vault maps used:
D:1:      lightli_arrival_statuegarden, minivault_19
D:2:      lemuel_round_altar, gammafunk_temple_overflow_pools, uniq_terence
D:3:      grunt_qazlal_clouds, lemuel_angel_altar, uniq_sigmund, uniq_iyjb
D:4:      overflow_temple_1_default, grunt_dithmenos_smoke

Skill      XL: |  1  2  3  4  5  6  7 |
---------------+----------------------+-----
Stealth        | 1 2 3 4 |  4.3
Dodging        | 3 |  3.9
Fighting       | 4 |  4.8
Short Blades   | 4 5 |  5.1
Shields        | 1 2 |  2.2

Action                   |  1- 3 |  4- 6 |  7- 9 || total
-------------------------+-------+-------+-------++-------
Melee: Short sword       |   110 |   144 |    11 ||   265
Invok: Berserk           |       |     1 |       ||     1
       Trog's Hand       |       |     1 |       ||     1
 Stab: Sleeping          |     4 |     6 |       ||    10
  Eat: Meat ration       |     1 |       |       ||     1
       Chunk             |       |     5 |       ||     5
